 Dungeon Crawl Stone Soup version 0.28-a0-1415-g7c84da036a (webtiles) character file.

Game seed: 12539841193309481877

123630 fragbeetle the Brawler (level 16, -7/166 HPs)
             Began as a Grey Draconian Transmuter on Jan 7, 2022.
             Was the Champion of Okawaru.
             Constricted to death by a tentacled monstrosity (9 damage)
             ... on level 1 of the Swamp.
             The game lasted 02:35:21 (38437 turns).

fragbeetle the Brawler (Grey Draconian Transmuter) Turns: 38437, Time: 02:35:22

Health: -7/166     AC:  8    Str: 23    XL:     16   Next: 37%
Magic:  24/27      EV: 17    Int: 13    God:    Okawaru [******]
Gold:   1178       SH:  0    Dex: 21    Spells: 5/30 levels left

rFire   x . .      SeeInvis .     - Unarmed
rCold   + + +      Faith    .   (shield currently unavailable)
rNeg    . . .      Spirit   .   (armour unavailable)
rPois   +          Reflect  .   (helmet currently unavailable)
rElec   .          Harm     .   (cloak currently unavailable)
rCorr   .          Rampage  .   (gloves currently unavailable)
Will    +....                   (boots currently unavailable)
Stlth   ++++......              D - amulet of the acrobat
HPRegen 0.37/turn               W - +6 ring of strength
MPRegen 0.20/turn               N - ring "Taen" {rC+ Dex+5}

@: about to teleport, ice-form, heroic, constricted
A: freezing attack, boosted hp, AC +14, amphibious, large, unfitting armour,
(cold-blooded)
a: End Transformation, Renounce Religion, Heroism, Finesse, Duel


You were on level 1 of the Swamp.
You worshipped Okawaru.
Okawaru was exalted by your worship.
You were a creature of crystalline ice.
You visited 5 branches of the dungeon, and saw 25 of its levels.

You collected 2561 gold pieces.
You spent 1383 gold pieces at shops.

Inventory:

Hand Weapons
 e - the +2 hunting sling "Inewk" {vorpal, rC+}
   (Okawaru gifted it to you on level 6 of the Lair of Beasts)

   Any ammunition fired from it inflicts extra damage upon your enemies.
   rC:        It protects you from cold.
Missiles
 c - 5 throwing nets (quivered)
 o - 2 silver javelins
 v - 76 sling bullets
 B - 6 datura-tipped darts
 Y - 4 curare-tipped darts
Armour
 i - the +1 buckler of the Blessed Realm {Will+}
   (Okawaru gifted it to you on level 1 of the Orcish Mines)

   Will:      It increases your willpower.
 C - a +2 cloak of stealth (melded)
 M - the +2 pair of boots "Keassov" (melded) {Rampage +Inv rF-}
   (Okawaru gifted it to you on level 11 of the Dungeon)

   rF:        It makes you vulnerable to fire.
   +Inv:      It lets you turn invisible.
   Rampage:   It bestows one free step when moving towards enemies.
 O - the +2 pair of gloves "Roirph" (melded) {rC+ rN+}
   (Okawaru gifted it to you on level 3 of the Lair of Beasts)

   rC:        It protects you from cold.
   rN:        It protects you from negative energy.
 X - the +0 pair of boots "Uthrat" {Fly}
   (You bought it in a shop on level 10 of the Dungeon)

   Fly:       It grants you flight.
 Z - the +2 hat of the Armoured One (melded) {Contam rN++ Str+3 Stlth+}
   (Okawaru gifted it to you on level 13 of the Dungeon)

   Str:       It affects your strength (+3).
   rN:        It greatly protects you from negative energy.
   Contam:    It causes magical contamination when unequipped.
   Stlth:     It makes you more stealthy.
Magical Staves
 s - a staff of death
Jewellery
 k - a ring of fire
 y - a ring of see invisible
 D - an amulet of the acrobat (around neck)
 G - a +6 ring of dexterity
 I - a ring of positive energy
 N - the ring "Taen" (right front paw) {rC+ Dex+5}
   (You found it on level 2 of the Lair of Beasts)

   [ring of protection from cold]

   Dex:       It affects your dexterity (+5).
   rC:        It protects you from cold.
 W - a +6 ring of strength (left front paw)
Wands
 a - a wand of iceblast (6)
 w - a wand of paralysis (16)
 z - a wand of digging (4)
 H - a wand of flame (17)
 T - a wand of mindburst (14)
Scrolls
 g - 5 scrolls of magic mapping
 n - 6 scrolls of teleportation
 q - 3 scrolls of holy word
 t - 6 scrolls of fear
 u - 2 scrolls of silence
 F - a scroll of brand weapon
 J - a scroll of fog
 K - 2 scrolls of amnesia
 L - a scroll of summoning {unknown}
Potions
 b - 6 potions of flight
 d - a potion of haste
 f - 3 potions of might
 h - 2 potions of invisibility
 j - 3 potions of mutation
 l - 3 potions of resistance
 m - 3 potions of heal wounds
 p - 9 potions of curing
 x - 3 potions of brilliance
 A - 3 potions of lignification
 E - 4 potions of berserk rage
 P - 2 potions of cancellation
 Q - 5 potions of ambrosia
 V - 2 potions of magic
Miscellaneous
 r - a lightning rod (4/4)
 U - a tin of tremorstones (2/2)


   Skills:
 + Level 12.0(17.0) Fighting
 + Level 10.2(15.2) Dodging
 - Level 3.0(8.0) Stealth
 * Level 15.5(20.5) Unarmed Combat
 - Level 7.5 Spellcasting
 + Level 7.8 Conjurations
 + Level 13.5 Transmutations
 - Level 6.0 Ice Magic
 + Level 9.8 Earth Magic
 - Level 3.0 Poison Magic
 - Level 7.0 Invocations


You had 5 spell levels left.
You knew the following spells:

 Your Spells              Type           Power      Damage    Failure   Level
a - Beastly Appendage     Tmut           80%        N/A       1%          1
c - Ice Form              Ice/Tmut       30%        N/A       2%          4
d - Mephitic Cloud        Conj/Pois/Air  14%        N/A       10%         3
e - Stone Arrow           Conj/Erth      54%        3d10      1%          3
f - Frozen Ramparts       Ice            40%        1d6       3%          3
g - Statue Form           Tmut/Erth      23%        N/A       19%         6
q - Blade Hands           Tmut           20%        N/A       1%          5

Your spell library contained the following spells:

 Spells                   Type           Power      Damage    Failure   Level
 Freeze                   Ice            80%        1d9       1%          1
 Magic Dart               Conj           100%       1d8       1%          1
 Sandblast                Erth           60%        2d14      1%          1
 Sting                    Tmut/Pois      100%       1d8       1%          1
 Passwall                 Tmut/Erth      29%        N/A       1%          2
 Wereblood                Tmut           40%        N/A       1%          2
 Spider Form              Tmut/Pois      26%        N/A       1%          3
 Static Discharge         Conj/Air       15%        N/A       4%          2
 Lee's Rapid Deconstruct  Erth           15%        3d11*     7%          5
 Hailstorm                Conj/Ice       22%        3d7       9%          4
 Poisonous Vapours        Pois/Air       16%        N/A       12%         2
 Iskenderun's Battlesphe  Conj           25%        2d8       16%         5
 Leda's Liquefaction      Hex/Erth       8%         N/A       19%         4
 Yara's Violent Unravell  Hex/Tmut       11%        3d6       26%         5
 Olgreb's Toxic Radiance  Pois           12%        N/A       38%         4
 Portal Projectile        Hex/Tloc       8%         N/A       41%         3
 Fireball                 Conj/Fire      7%         3d5       63%         5
 Lightning Bolt           Conj/Air       7%         1d20      63%         5
 Passage of Golubria      Tloc           4%         N/A       82%         4
 Iron Shot                Conj/Erth      13%        9d3       52%         6
 Conjure Ball Lightning   Conj/Air       7%         3x3d6     99%         6
 Orb of Destruction       Conj           12%        9d6       99%         7
 Discord                  Hex            2%         N/A       100%        8
 Disjunction              Tloc           2%         N/A       100%        8
 Lehudib's Crystal Spear  Conj/Erth      13%        10d5      100%        8
 Maxwell's Capacitive Co  Air            2%         ∞         100%        8
 Summon Small Mammal      Summ           Unusable   N/A       N/A         1
 Animate Armour           Summ/Erth      Unusable   N/A       N/A         4
 Call Imp                 Summ           Unusable   N/A       N/A         2
 Call Canine Familiar     Summ           Unusable   N/A       N/A         3
 Summon Guardian Golem    Hex/Summ       Unusable   N/A       N/A         3
 Tukima's Dance           Hex            Unusable   N/A       N/A         3
 Spellforged Servitor     Conj/Summ      Unusable   N/A       N/A         7

Dungeon Overview and Level Annotations

Branches:
Dungeon (15/15)            Temple (1/1) D:7            Lair (6/6) D:9
  Swamp (1/4) Lair:4       Spider (0/4) Lair:4        Slime (0/5) Lair:5
    Orc (2/2) D:9             Elf (0/3) Orc:2        Vaults (0/5) D:14
 Depths (0/4) D:15

Altars:
Ashenzari
Cheibriados
Dithmenos
Elyvilon
Fedhas
Gozag
Hepliaklqana
Kikubaaqudgha
Makhleb
Nemelex Xobeh
Okawaru
Qazlal
Ru
Sif Muna
Trog
Uskayaw
Wu Jian
Xom
Yredelemnul
The Shining One
Beogh
Jiyva

Shops:
D:3 ?   D:4 **   D:5 ?   D:10 *(!::   D:12 *   Orc:2 !!*?

Annotations:
D:10 exclusion: 2 statues
D:13 2 transporters, HuGe's ghost, journeyman DsBe
Lair:4 exclusion: 2 oklob plants
Lair:6 exclusion: obsidian statue


Innate Abilities, Weirdness & Mutations

You are a creature of crystalline ice.
You have a powerful freezing melee attack.
Your maximum health is increased.
Your armour is entirely melded.
You are incapable of wielding weapons or throwing items.
((Your dull iron-grey scales are very hard. (AC +14)))
You are amphibious.
You cannot fit into any form of body armour.
((You are cold-blooded and may be slowed by cold attacks.))


Message History

The spriggan rider misses you.
The swamp worm bites you but does no damage.
The tentacled monstrosity tentacle-slaps you!
The tentacled monstrosity completely misses you.
The tentacled monstrosity tentacle-slaps you.
The tentacled monstrosity grabs you.
The tentacled monstrosity constricts you!
You pummel the tentacled monstrosity!! You freeze the tentacled monstrosity.
The tentacled monstrosity is moderately wounded.
The swamp worm bites you!
The spriggan rider hits you from afar with a +0 spear!!
* * * LOW HITPOINT WARNING * * *
Blink to where?
Press: ? - help, Dir - move target You escape the tentacled monstrosity's grasp.
As you read the scroll of blinking, it crumbles to dust.
The swamp worm fires a harpoon shot at you.
The harpoon shot hits you!!
* * * LOW HITPOINT WARNING * * *
You are yanked forward by the harpoon shot.
Floosh!
The spriggan rider hits you from afar with a +0 spear.
* * * LOW HITPOINT WARNING * * *
Blink to where?
Press: ? - help, Dir - move target Floosh!
As you read the scroll of blinking, it crumbles to dust.
As you read the scroll of teleportation, it crumbles to dust.
You feel strangely unstable.
The swamp worm fires a harpoon shot at you.
The harpoon shot hits you!
* * * LOW HITPOINT WARNING * * *
You are yanked forward by the harpoon shot.
The spriggan rider completely misses you.
The tentacled monstrosity completely misses you.
The tentacled monstrosity tentacle-slaps you!
* * * LOW HITPOINT WARNING * * *
The tentacled monstrosity misses you. The tentacled monstrosity grabs you.
The tentacled monstrosity constricts you!
You die...

≈≈..≈≈...♣ .≈.
≈≈≈.♣.≈§≈♣♣≈≈
≈≈§...§≈.≈♣.
.≈........≈♣
♣≈§.>..≈≈≈.♣♣ ♣♣♣
♣≈.≈≈.≈≈w.♣♣♣≈.♣
♣.≈≈...i.....≈♣♣
♣.....wY≈...≈≈.♣
♣≈..≈≈X♣≈<..≈≈.♣
.≈≈≈....≈w.≈≈≈...≈♣
.≈≈≈.♣≈.≈≈.≈≈≈..♣♣♣
≈.≈≈≈♣♣.≈≈..≈..≈♣
..♣♣ ♣.≈≈≈..≈≈.≈♣ .
♣.§≈≈..≈≈.♣♣
♣>..≈≈.≈≈.♣
≈≈§.♣♣.≈.≈♣


You could see a tentacled monstrosity, a tyrant leech, a spriggan rider and 2
swamp worms.

Vanquished Creatures
  Kirke (D:15)
  2 dire elephants (Lair:6)
  Josephine (D:11)
  Harold (D:9)
  Erolcha (Orc:1)
  3 rakshasas (D:15)
  4 boulder beetles
  15 hydras
  A vault guard (D:14)
  The ghost of indyram44 the Insei, a journeyman DsGl of Okawaru (Lair:2)
  4 ogre magi (Orc:2)
  A catoblepas (Lair:4)
  5 centaur warriors
  A death knight (D:14)
  22 two-headed ogres
  16 death yaks
  The ghost of Krim the Thaumaturge, a novice DjFE of Makhleb (D:8)
  Nergalle (D:12)
  4 spectral death yaks (Lair:6)
  A spectral anaconda (Lair:6)
  A glowing orange brain (D:15)
  4 deep elf pyromancers
  7 necromancers
  Pikel (D:9)
  3 orc knights
  A mana viper (shapeshifter) (D:15)
  22 ugly things
  6 manticores
  2 orc sorcerers
  3 cyclopes
  7 black mambas
  13 elephants
  A dire elephant zombie (Lair:6)
  A black mamba (shapeshifter) (D:15)
  Joseph (D:9)
  A dire elephant skeleton (Lair:6)
  A yaktaur (shapeshifter) (D:14)
  3 gargoyles
  Maggie (D:9)
  2 efreet
  14 cane toads
  A rime drake (Lair:2)
  7 komodo dragons
  A kobold demonologist (D:12)
  3 unseen horrors
  A tengu conjurer (D:14)
  2 trolls
  A queen bee (Lair:3)
  A queen bee (shapeshifter) (D:13)
  2 polar bears
  A troll (shapeshifter) (D:14)
  4 hornets
  A tarantella (shapeshifter) (D:12)
  13 blink frogs
  2 spectral elephants (Lair:6)
  A dream sheep (shapeshifter) (D:9)
  9 slime creatures
  A centaur simulacrum (D:14)
  4 jumping spiders (Lair:4)
  2 shadows
  6 wraiths (D:11)
  2 vampires
  4 wyverns
  7 hogs
  20 humans (D:14)
  22 yaks
  A human (shapeshifter) (D:12)
  4 basilisks
  A steam dragon (Lair:4)
  15 vampire mosquitoes
  Grum (D:8)
  4 redbacks (Lair:4)
  4 swamp worms (Lair:4)
  2 wargs
  5 acid dragons
  17 water moccasins
  15 orc warriors
  4 black bears
  2 elephant zombies (Lair:6)
  4 sky beasts
  2 elephant skeletons (Lair:6)
  A boggart (D:11)
  25 ogres
  7 centaurs
  36 wolves
  2 kobold brigands
  A phantom (D:5)
  5 bullfrogs
  5 scorpions
  A wyvern zombie (D:9)
  2 cane toad simulacra (Lair:6)
  23 killer bees
  A wight (D:9)
  7 electric eels
  4 centaur zombies
  2 centaur skeletons
  5 hounds
  A jelly (D:5)
  A bullfrog skeleton (D:7)
  10 orc priests
  An iguana (Lair:4)
  12 orc wizards
  A scorpion zombie (D:5)
  A hound skeleton (D:5)
  A howler monkey zombie (D:6)
  A howler monkey skeleton (D:6)
  9 adders
  2 white imps
  4 worms
  The ghost of porpoise the Sneak, a weakling DsDe (D:5)
  2 dart slugs (D:3)
  67 orcs
  6 ball pythons
  7 endoplasms
  3 giant cockroaches
  8 goblins
  13 hobgoblins
  6 jackals (D:1)
  A quokka (D:5)
  12 bats
  16 kobolds
  A quokka skeleton (D:4)
  2 rats (D:1)
696 creatures vanquished.

Vanquished Creatures (others)
  A bush (Lair:6)
  55 fungi
  52 plants
  24 withered plants (Lair:6)
132 creatures vanquished.

Grand Total: 828 creatures vanquished

Notes
Turn   | Place    | Note
-------+----------+-------------------------------------------
     0 | D:1      | fragbeetle the Draconian Transmuter began the quest for the
                  | Orb.
     0 | D:1      | Reached XP level 1. HP: 16/16 MP: 3/3
   114 | D:1      | Reached XP level 2. HP: 21/23 MP: 3/5
   679 | D:1      | Reached XP level 3. HP: 21/28 MP: 4/6
   683 | D:1      | Learned a level 3 spell: Spider Form
   774 | D:1      | Found a faded altar of an unknown god.
  1020 | D:1      | You fall into a shaft and drop 1 floor!
  1310 | D:2      | Reached skill level 1 in Poison Magic
  1310 | D:2      | Reached XP level 4. HP: 34/36 MP: 5/7
  2268 | D:3      | Found Ohicenis's Magic Scroll Shoppe.
  2277 | D:3      | Bought a scroll of teleportation for 33 gold pieces
  2277 | D:3      | Bought a scroll of magic mapping for 38 gold pieces
  2946 | D:4      | Reached skill level 4 in Unarmed Combat
  2946 | D:4      | Reached XP level 5. HP: 41/41 MP: 6/8
  2953 | D:4      | Learned a level 4 spell: Ice Form
  3054 | D:4      | Noticed a black bear
  3069 | D:4      | Killed a black bear
  3132 | D:4      | Found Ytischoz's General Store.
  3134 | D:4      | Found Tuinejo's Specific Store.
  3138 | D:4      | Bought a scroll of identify for 26 gold pieces
  3181 | D:4      | Reached XP level 6. HP: 25/50 MP: 7/9
  3386 | D:4      | Reached skill level 1 in Ice Magic
  3596 | D:4      | Noticed a sky beast
  3609 | D:4      | Killed a sky beast
  3958 | D:5      | Entered Level 5 of the Dungeon
  4286 | D:5      | Noticed porpoise's ghost (weakling DsDe)
  4289 | D:5      | Found a runed translucent door.
  4377 | D:5      | Noticed a water moccasin
  4397 | D:5      | Killed a water moccasin
  4398 | D:5      | Your scales start taking on a dull iron-grey colour.
  4398 | D:5      | Reached XP level 7. HP: 18/57 MP: 8/10
  4677 | D:5      | Reached skill level 5 in Unarmed Combat
  5379 | D:5      | Found Olot's Magic Scroll Boutique.
  5385 | D:5      | Bought a scroll of noise for 12 gold pieces
  5385 | D:5      | Bought a scroll of fear for 42 gold pieces
  5790 | D:6      | Reached skill level 5 in Transmutations
  5838 | D:6      | Reached XP level 8. HP: 57/64 MP: 11/11
  6266 | D:6      | Reached skill level 6 in Unarmed Combat
  6505 | D:7      | Learned a level 3 spell: Mephitic Cloud
  7011 | D:7      | Reached skill level 1 in Conjurations
  7291 | D:7      | Found a staircase to the Ecumenical Temple.
  7300 | Temple   | Entered the Ecumenical Temple
  7414 | Temple   | Became a worshipper of Warmaster Okawaru
  7883 | D:8      | Reached XP level 9. HP: 38/72 MP: 8/12
  8256 | D:8      | Noticed Grum
  8269 | D:8      | Killed Grum
  8275 | D:8      | Reached * piety under Okawaru
  8276 | D:8      | Reached skill level 7 in Unarmed Combat
  8799 | D:8      | Reached skill level 5 in Fighting
  8810 | D:8      | Found a snail-covered altar of Cheibriados.
  9054 | D:8      | Found a runed translucent gate.
  9055 | D:8      | Found a runed translucent gate.
  9055 | D:8      | Identified the +1 chain mail of Jeotedill {rN++}
  9056 | D:8      | Noticed Krim's ghost (novice DjFE)
  9056 | D:8      | Found a runed translucent gate.
  9230 | D:9      | Found a staircase to the Orcish Mines.
  9279 | D:9      | Noticed Joseph
  9299 | D:9      | Killed Joseph
  9881 | D:9      | Noticed a troll
  9905 | D:9      | Killed a troll
  9905 | D:9      | Reached ** piety under Okawaru
 10190 | D:9      | Noticed a seven-headed hydra
 10292 | D:9      | Noticed a two-headed ogre
 10302 | D:9      | Killed a two-headed ogre
 10302 | D:9      | Reached *** piety under Okawaru
 10303 | D:9      | Reached skill level 5 in Dodging
 10303 | D:9      | Reached skill level 8 in Unarmed Combat
 10303 | D:9      | Reached XP level 10. HP: 83/83 MP: 6/13
 11121 | D:9      | Reached skill level 5 in Ice Magic
 11127 | D:9      | Identified the +8 broad axe of the Badger {vorpal, rC+}
 11131 | D:9      | Found a staircase to the Lair.
 11951 | D:9      | Identified the +8 halberd of the Final Decision {antimagic,
                  | Drain Fly Str+3}
 11979 | D:9      | Noticed Maggie
 12055 | D:9      | Noticed Harold
 12062 | D:9      | Reached **** piety under Okawaru
 12168 | D:9      | Noticed Pikel
 12173 | D:9      | Killed Pikel
 12259 | D:10     | Entered Level 10 of the Dungeon
 12259 | D:10     | Found Ziukin's Distillery.
 12259 | D:10     | Found Otisapt's Antique Weapon Shop.
 12273 | D:10     | Bought a potion of degeneration for 14 gold pieces
 12649 | D:10     | Noticed a two-headed ogre
 12658 | D:10     | Killed a two-headed ogre
 12659 | D:10     | Reached skill level 9 in Unarmed Combat
 12676 | D:10     | Found Yniosemmaicw's Assorted Antiques.
 12787 | D:10     | Found Jepud's Book Shop.
 12794 | D:10     | Found Bangifos's Book Shoppe.
 12819 | D:10     | Reached ***** piety under Okawaru
 12865 | D:10     | Noticed an archer statue
 12865 | D:10     | Noticed an archer statue
 13076 | D:10     | Reached XP level 11. HP: 74/91 MP: 10/14
 13353 | D:11     | Noticed a two-headed ogre
 13363 | D:11     | Killed a two-headed ogre
 13363 | D:11     | Identified the +2 pair of boots "Keassov" {Rampage +Inv
                  | rF-} (Okawaru gifted it to you on level 11 of the Dungeon)
 13363 | D:11     | Received a gift from Okawaru
 13435 | D:11     | Identified the +7 hand axe of Gluttony {flame, rF+ Int+4}
 13436 | D:11     | Noticed a two-headed ogre
 13445 | D:11     | Killed a two-headed ogre
 14357 | D:11     | Noticed a centaur warrior
 14359 | D:11     | Noticed Josephine
 14595 | D:10     | Bought a scroll of identify for 66 gold pieces
 14655 | D:11     | Killed a centaur warrior
 14656 | D:11     | Reached skill level 5 in Conjurations
 15027 | Lair:1   | Entered Level 1 of the Lair of Beasts
 15096 | Lair:1   | Found a hazy altar of Hepliaklqana.
 15122 | Lair:1   | Noticed a four-headed hydra
 15123 | Lair:1   | Noticed a five-headed hydra
 15197 | D:9      | Killed Maggie
 15271 | D:9      | Killed Harold
 15272 | D:9      | Reached skill level 10 in Unarmed Combat
 15743 | D:11     | Killed Josephine
 15744 | D:11     | Reached skill level 10 in Transmutations
 15760 | D:11     | Received a gift from Okawaru
 16050 | D:11     | Noticed a boulder beetle
 16062 | D:11     | Killed a boulder beetle
 16249 | D:11     | Noticed a centaur warrior
 16264 | D:11     | Killed a centaur warrior
 16265 | D:11     | Reached XP level 12. HP: 12/101 MP: 14/17
 16859 | Lair:1   | Killed a five-headed hydra
 16905 | Lair:1   | Learned a level 3 spell: Stone Arrow
 17107 | Lair:1   | Received a gift from Okawaru
 17299 | Lair:1   | Killed a four-headed hydra
 17427 | Lair:1   | Reached skill level 1 in Earth Magic
 17657 | Lair:2   | Reached skill level 1 in Invocations
 18016 | Lair:2   | Reached skill level 11 in Unarmed Combat
 18345 | Lair:2   | Found a runed translucent door.
 18345 | Lair:2   | Noticed indyram44's ghost (journeyman DsGl)
 18575 | Lair:2   | Found a blossoming altar of Fedhas.
 18696 | Lair:2   | Identified the +1 ring mail "Ciposs" {Harm *Slow rF+++
                  | Will-}
 18757 | Lair:2   | Found a basalt altar of Yredelemnul.
 19252 | Lair:3   | Identified the +2 pair of gloves "Roirph" {rC+ rN+}
                  | (Okawaru gifted it to you on level 3 of the Lair of Beasts)
 19252 | Lair:3   | Received a gift from Okawaru
 19968 | Lair:3   | Noticed a death yak
 19977 | Lair:3   | Noticed a death yak
 19977 | Lair:3   | Noticed a boulder beetle
 19978 | Lair:3   | Noticed a death yak
 19979 | Lair:3   | Noticed a death yak
 19982 | Lair:2   | Killed a death yak
 19990 | Lair:2   | Killed a death yak
 20201 | Lair:3   | Killed a boulder beetle
 20333 | Lair:3   | Killed a death yak
 20334 | Lair:3   | Reached XP level 13. HP: 108/108 MP: 14/19
 21329 | Lair:4   | You fall into a shaft and drop 2 floors!
 21329 | Lair:6   | Entered Level 6 of the Lair of Beasts
 21330 | Lair:6   | Found the +18 Lear's hauberk
 21652 | Lair:6   | Reached skill level 12 in Unarmed Combat
 21719 | Lair:6   | Reached skill level 5 in Spellcasting
 21982 | Lair:6   | Reached skill level 5 in Earth Magic
 22232 | Lair:5   | Found a staircase to the Slime Pits.
 22232 | Lair:5   | Found a viscous altar of Jiyva.
 22516 | Lair:5   | Identified the +5 halberd "Dragon's Tongue" {venom, Int+3
                  | Dex+3} (Okawaru gifted it to you on level 5 of the Lair of
                  | Beasts)
 22516 | Lair:5   | Received a gift from Okawaru
 23381 | Lair:4   | Reached skill level 5 in Invocations
 23960 | Lair:4   | Reached XP level 14. HP: 84/119 MP: 19/22
 24087 | Lair:4   | Received a gift from Okawaru
 24607 | Lair:4   | Found a hole to the Spider Nest.
 24625 | Lair:4   | Reached skill level 13 in Unarmed Combat
 25125 | Lair:4   | Found a staircase to the Swamp.
 26328 | Lair:6   | Reached skill level 10 in Fighting
 26720 | Lair:6   | Learned a level 3 spell: Frozen Ramparts
 27396 | Lair:6   | Identified the +2 hunting sling "Inewk" {vorpal, rC+}
                  | (Okawaru gifted it to you on level 6 of the Lair of Beasts)
 27396 | Lair:6   | Received a gift from Okawaru
 28818 | Lair:6   | Reached ****** piety under Okawaru
 29595 | D:10     | Bought a book of Iron for 504 gold pieces
 29601 | D:10     | Learned a level 5 spell: Blade Hands
 29654 | D:10     | Bought a potion of curing for 42 gold pieces
 29654 | D:10     | Bought a potion of cancellation for 112 gold pieces
 29693 | D:10     | Bought a pair of crude boots for 313 gold pieces
 29693 | D:10     | Identified the +0 pair of boots "Uthrat" {Fly} (You bought
                  | it in a shop on level 10 of the Dungeon)
 29828 | Orc:1    | Entered Level 1 of the Orcish Mines
 29833 | Orc:1    | Paralysed by an orc sorcerer for 4 turns
 29834 | Orc:1    | Noticed Erolcha
 29989 | Orc:1    | Killed Erolcha
 30326 | Orc:2    | Entered Level 2 of the Orcish Mines
 30928 | Orc:1    | Identified the +1 buckler of the Blessed Realm {Will+}
                  | (Okawaru gifted it to you on level 1 of the Orcish Mines)
 30928 | Orc:1    | Received a gift from Okawaru
 31038 | Orc:2    | Reached skill level 14 in Unarmed Combat
 31109 | Orc:1    | Reached XP level 15. HP: 95/128 MP: 23/25
 31608 | Orc:2    | Found a staircase to the Elven Halls.
 31631 | Orc:2    | Found Deneun's Assorted Antiques.
 31632 | Orc:2    | Found Lacuuhi's Distillery.
 31632 | Orc:2    | Found Fith's Distillery.
 31632 | Orc:2    | Found Wyiru's Magic Scroll Boutique.
 31676 | Orc:2    | Bought a scroll of identify for 22 gold pieces
 31681 | Orc:2    | Bought a scroll of identify for 22 gold pieces
 31681 | Orc:2    | Bought a scroll of identify for 22 gold pieces
 31682 | Orc:2    | Bought a potion of berserk rage for 70 gold pieces
 31683 | Orc:2    | Bought a potion of attraction for 45 gold pieces
 32176 | D:12     | Noticed Nergalle
 32196 | D:12     | Killed Nergalle
 32743 | D:12     | Found Wung's Assorted Antiques.
 33428 | D:13     | Found a transporter.
 33433 | D:13     | Found a bloodstained altar of Trog.
 33433 | D:13     | Noticed HuGe's ghost (journeyman DsBe)
 33474 | D:13     | Found a transporter.
 34057 | D:13     | Identified the +2 hat of the Armoured One {Contam rN++
                  | Str+3 Stlth+} (Okawaru gifted it to you on level 13 of the
                  | Dungeon)
 34057 | D:13     | Received a gift from Okawaru
 34774 | D:14     | Identified the +7 leather armour of Glamorous Mirth {rPois}
 35193 | D:14     | Learned a level 6 spell: Statue Form
 35433 | D:14     | Found a blossoming altar of Fedhas.
 35708 | D:14     | Reached skill level 1 in Stealth
 35790 | D:14     | Reached skill level 15 in Unarmed Combat
 35814 | D:14     | Found a gate to the Vaults.
 36070 | D:15     | Entered Level 15 of the Dungeon
 36081 | D:15     | Noticed Kirke
 36462 | D:15     | Reached XP level 16. HP: 127/139 MP: 22/27
 36669 | D:15     | Reached skill level 10 in Dodging
 36706 | D:15     | Received a gift from Okawaru
 36921 | D:15     | Killed Kirke
 37113 | D:15     | Found an ancient bone altar of Kikubaaqudgha.
 37397 | D:15     | Found a staircase to the Depths.
 37813 | D:5      | Killed porpoise's ghost
 37940 | D:8      | Killed Krim's ghost
 38329 | Lair:2   | Killed indyram44's ghost
 38333 | Lair:2   | Identified the +10 plate armour of the Swan {*Slow rElec
                  | Regen+ Int+7}
 38335 | Lair:2   | Identified the ring "Taen" {rC+ Dex+5}
 38421 | Swamp:1  | Entered Level 1 of the Swamp
 38429 | Swamp:1  | Noticed a tentacled monstrosity
 38437 | Swamp:1  | HP: 2/166 [tentacled monstrosity (12)]
 38437 | Swamp:1  | Constricted to death by a tentacled monstrosity

Illustrated notes

Levels and vault maps discovered:
D:1:      shiori_arrival_oz, layout_basic, hellmonk_ecumenical_altar_run_dry,
          minivault_19
D:2:      layout_rooms, kennysheep_nondescript
D:3:      layout_basic, serial_shops, shop, nicolae_figureground_sparkle
D:4:      layout_gridville, nicolae_specific_store
D:5:      layout_loops_ring, hellmonk_ghost_happy_afterlife, serial_shops,
          nicolae_square_shop
D:6:      old_forge, layout_basic, chequers_serial_rivers_micro_e
D:7:      layout_layer_cave, minmay_temple_entry_large_hall
D:8:      layout_loops_cross, mainiacjoe_overflow_catwalk,
          biasface_ghost_orc_armoury, uniq_grum
D:9:      layout_roguey, erik_lair_island, orc_0_dummy, minmay_bent,
          uniq_joseph, uniq_pikel, uniq_harold, uniq_maggie
D:10:     layout_cave_pools, serial_shops, nicolae_take_the_stairs,
          nicolae_shop_advertising_works [nicolae_subvault_shop_adworks], shop,
          shop, shop, minmay_dual_archer_statues
D:11:     nzn_winding_woodlands_three_and_one
          [nzn_winding_woodlands_5x15_sidewinder,
          nzn_winding_woodlands_5x15_lazy_stream,
          nzn_winding_woodlands_5x15_cabin,
          nzn_winding_woodlands_center_triple_pond], layout_basic,
          uniq_josephine
D:12:     layout_big_octagon, serial_shops, nicolae_shop_stone, nzn_random_ring,
          uniq_nergalle
D:13:     layout_grid_maze, gammafunk_ghost_wrathful_warriors
D:14:     layout_irregular_city, grunt_vaults_entry_tiered, serial_bayou_pond_b,
          statue_in_the_mist_lemuel, fedhas_altar_1
D:15:     gammafunk_enter_depths_forms, layout_rooms, hangedman_decor_growths,
          nicolae_kikubaaqudgha_miasma_corner, uniq_kirke
Temple:   mainiacjoe_temple_archimedes_tessellation
Lair:1:   layout_chaotic_city, basic_altar
Lair:2:   layout_loops_ring, ebering_ghost_inner_flame, basic_altar,
          lemuel_centaur_altar, grunt_megastairs_3, lemuel_fruit_tree,
          serial_bayou_shore_a, lemuel_fruit_fields
Lair:3:   layout_hall_layers, special_room [special_room_bee]
Lair:4:   layout_layer_cave, palyth_hydra_swamp_entry,
          nicolae_spider_entry_tight_spaces, dpeg_oklob_1
Lair:5:   beast_lair_carwin_large_2, layout_small_grid, slime_altar_1,
          minmay_holes, pond, infiniplex_staircase_pool
Lair:6:   due_jungle_book, layout_regular_city
Swamp:1:  layout_basic_swamp, evilmike_swamp_ruin_house_3, swamp_pool5,
          hangedman_swamp_pad, nicolae_swamp_hydra_murder_den
Orc:1:    layout_caves, uniq_erolcha
Orc:2:    st_orc_ogre_mass, layout_caves

Skill      XL: |  1  2  3  4  5  6  7  8  9 10 11 12 13 14 15 16 |
---------------+-------------------------------------------------+-----
Dodging        | 2 3 4 5 6 7 8 9 10 | 10.2
Poison Magic   | 1 2 3 |  3.0
Fighting       | 2 3 4 5 6 7 8 9 10 11 12 | 12.0
Transmutations | 3 4 5 6 7 9 10 11 12 13 | 13.5
Unarmed Combat | 4 5 6 8 9 10 11 12 14 15 | 15.5
Ice Magic      | 1 2 3 4 5 6 |  6.0
Conjurations   | 1 3 4 5 6 7 |  7.8
Spellcasting   | 3 4 5 6 7 |  7.5
Earth Magic    | 4 6 7 9 |  9.8
Invocations    | 3 5 7 |  7.0
Stealth        | 1 3 |  3.0

Action                   |  1- 3 |  4- 6 |  7- 9 | 10-12 | 13-15 | 16-18 || total
-------------------------+-------+-------+-------+-------+-------+-------++-------
Melee: Unarmed           |    78 |   195 |   290 |   445 |   995 |   138 ||  2141
       Kick              |    19 |    49 |    58 |    16 |       |       ||   142
       Tailslap          |    10 |    23 |    28 |     3 |    76 |    26 ||   166
       Headbutt          |     7 |    23 |    45 |     4 |       |       ||    79
       Punch             |     2 |    11 |     9 |     4 |    42 |    11 ||    79
 Fire: Hunting sling     |       |       |       |    65 |    49 |     2 ||   116
Throw: Dart              |       |       |    13 |       |       |       ||    13
 Cast: Beastly Appendage |    19 |    39 |    37 |    10 |       |       ||   105
       Spider Form       |       |     1 |    11 |     5 |     1 |       ||    18
       Ice Form          |       |       |       |    55 |    53 |     5 ||   113
       Stone Arrow       |       |       |       |     2 |     2 |       ||     4
       Blade Hands       |       |       |       |       |    77 |    18 ||    95
       Frozen Ramparts   |       |       |       |       |     5 |       ||     5
       Mephitic Cloud    |       |       |       |       |     1 |       ||     1
       Statue Form       |       |       |       |       |       |     4 ||     4
Invok: Heroism           |       |       |     1 |    13 |    17 |     3 ||    34
       Finesse           |       |       |       |     1 |     1 |       ||     2
 Abil: End Transformatio |       |       |       |     8 |     5 |     4 ||    17
Evoke: Wand              |       |     1 |       |     1 |     3 |       ||     5
       Lightning rod     |       |       |       |     3 |       |       ||     3
  Use: Scroll            |       |       |    11 |    12 |     8 |     5 ||    36
       Potion            |       |       |     3 |     1 |     2 |       ||     6
 Stab: Sleeping          |     2 |       |     2 |       |       |       ||     4
       Distracted        |       |       |       |     1 |       |     1 ||     2
Armor: Skin              |    16 |    45 |    84 |   133 |   173 |    39 ||   490
Dodge: Dodged            |    42 |    83 |   174 |   327 |   634 |   125 ||  1385
Block: Buckler           |       |       |       |       |       |     5 ||     5

Table legend: (Time is in decaauts)
 A = Elapsed time spent in this place.
 B = Non-inter-level travel time spent in this place.
 C = Inter-level travel time spent in this place.
 D = Time resting spent in this place.
 E = Time spent auto-exploring this place.
 F = Levels seen in this place.
 G = Mean time per level.
                   A        B        C        D        E       F      G
               +--------+--------+--------+--------+--------+-----+--------+
         Total |  38154 |  36920 |   1234 |  13568 |   8056 |  25 | 1526.2 |
       Dungeon |  23122 |  22095 |   1027 |   7459 |   6124 |  15 | 1541.5 |
        Temple |    165 |    165 |      0 |      0 |     90 |   1 |  165.0 |
          Lair |  12818 |  12618 |    200 |   5514 |   1608 |   6 | 2136.3 |
         Swamp |     11 |     11 |      0 |      0 |      0 |   1 |   11.0 |
  Orcish Mines |   2036 |   2031 |      5 |    595 |    234 |   2 | 1018.0 |
               +--------+--------+--------+--------+--------+-----+--------+

Top non-repeatable levels by time:
     D:9: 4016 daAuts
  Lair:6: 3300 daAuts
    D:11: 2666 daAuts
  Lair:4: 2473 daAuts
  Lair:5: 2247 daAuts
  Lair:2: 2049 daAuts
    D:14: 1945 daAuts
     D:8: 1813 daAuts
    D:10: 1699 daAuts
  Lair:3: 1614 daAuts
     D:5: 1384 daAuts
    D:13: 1369 daAuts
     D:4: 1357 daAuts
     D:1: 1232 daAuts
     D:7: 1208 daAuts
